AoeStats
← EduAguirre

Arena

509746427Analyzed
1v1 RM · 4d ago on Sep 27, 2026· 34m 50s· 2 players
Game mode
Random Map
Map size
Tiny (2 player)
Population
200
Speed
Normal
Resources
Standard
Victory
Conquest
Starting age
Dark Age
Ending age
Imperial Age
RankedLock teamsTeams togetherTeam positionsShared explorationLock speedFull tech treeHidden civsTurbo modeCheats
Victory
Defeat
🇨🇳 Persians · China
1036
+16
🇪🇨 Turks · Ecuador
1035
-16
EduAguirre
11:35 Feudal Age
16:26 Castle Age
16:48 Double-Bit Axe
22:03 Imperial Age
19:43 Loom
21:31 Horse Collar
21:44 Gold Mining
21:59 Padded Archer Armor
27:38 Stone Mining
30:57 Fletching
31:24 Leather Archer Armor
35:34 Ballistics
小雷同志
10:48 Feudal Age
11:28 Double-Bit Axe
11:35 Horse Collar
12:01 Stone Mining
14:23 Castle Age
14:33 Wheelbarrow
15:30 Bow Saw
16:01 Heavy Plow
16:54 Loom
21:59 Gold Mining
23:33 Scale Barding Armor
23:39 Forging
25:09 Husbandry
25:19 Bloodlines
25:31 Chain Barding Armor
25:46 Iron Casting
26:43 Hand Cart
29:45 Imperial Age
28:09 Gold Shaft Mining
28:27 Stone Mining
30:56 Conscription
29:59 Cavalier
31:16 Plate Barding Armor
31:44 Blast Furnace
31:22 Stone Shaft Mining
32:12 Savar
34:52 Two-Man Saw
34:23 Crop Rotation
Connection lost

Rejoining the realm…

Still unreachable

The connection could not be restored.

Session expired

The server has moved on; the page needs a fresh start.